 Dungeon Crawl Stone Soup version 0.31-a0-221-gbddc013574 (webtiles) character file.

Game seed: 6194082136534083982

1105 qw the Skirmisher (level 8, -6/49 HPs)
             Began as a Gargoyle Hexslinger on July 4, 2023.
             Mangled by a gnoll
             ... wielding a +0 spear
              (7 damage)
             ... on level 5 of the Dungeon.
             The game lasted 00:01:51 (3178 turns).

qw the Skirmisher (Gargoyle Hexslinger)             Turns: 3178, Time: 00:01:51

Health: -6/49      AC: 16    Str: 13    XL:     8   Next: 32%
Magic:  9/9        EV: 10    Int: 13    God:
Gold:   261        SH:  0    Dex: 14    Spells: 8/9 levels left

rFire   . . .        Y - +2 sling
rCold   . . .        (no shield)
rNeg    + . .        g - +0 ring mail
rPois   inf          (no helmet)
rElec   +            e - +0 cloak
rCorr   .            (no gloves)
SInv    .            (no boots)
Will    .....        (no amulet)
Stlth   +            k - +4 ring of protection
HPRegen 0.28/turn    (no ring)
MPRegen 0.11/turn

%: no passive effects
@: no status effects
A: sickness immunity, AC +5, negative energy resistance 1, electricity
resistance, torment resistance 1, petrification resistance
a: no special abilities


You were on level 5 of the Dungeon.
You visited 1 branch of the dungeon, and saw 5 of its levels.

You collected 311 gold pieces.
You spent 50 gold pieces at shops.


Innate Abilities, Weirdness & Mutations

You are immune to sickness and miasma.
Your stone body is resilient. (AC +5)
You are immune to poison.
You resist negative energy. (rN+)
You are resistant to electric shocks. (rElec)
You are resistant to unholy torment.
You are immune to petrification.


   Skills:
 - Level 5.3 Fighting
 + Level 8.2 Ranged Weapons
 - Level 2.0 Armour
 - Level 1.5 Dodging
 - Level 1.0 Spellcasting
 - Level 2.6 Hexes


You had 8 spell levels left.
You knew the following spells:

 Your Spells              Type           Power      Damage    Failure   Level
a - Slow                  Hex            28%        N/A       21%         1

Your spell library contained the following spells:

 Spells                   Type           Power      Damage    Failure   Level
 Inner Flame              Hex/Fire       4%         N/A       71%         3
 Portal Projectile        Hex/Tloc       8%         N/A       71%         3
 Cause Fear               Hex            3%         N/A       89%         4

Inventory:

Hand Weapons
 Y - a +2 sling (weapon)
Armour
 e - a +0 cloak (worn)
 g - a +0 ring mail (worn)
Jewellery
 k - a +4 ring of protection (left hand)
Scrolls
 a - a scroll of identify
 d - a scroll of summoning {unknown}
Potions
 b - a potion of mutation
 c - a potion of berserk rage {unknown}
 f - 2 potions of curing
 h - a potion of resistance {unknown}
 i - a potion of magic {unknown}
 j - a potion of might {unknown}
 l - a potion of haste

Dungeon Overview and Level Annotations

Branches:
Dungeon (5/15)
 Temple: D:4-7

Altars:
Ashenzari
Fedhas
Qazlal

Shops:
D:1 *   D:2 ?


Message History

The orc hits you but does no damage. x2
The gnoll hits you from afar with a +0 spear.
The orc hits you but does no damage.
You shoot a sling bullet. The sling bullet hits the orc!
You kill the orc!
The orc hits you but does no damage.
The gnoll hits you from afar with a +0 spear.
The orc hits you but does no damage. The orc barely misses you. x2
The gnoll hits you from afar with a +0 spear.
You shoot a sling bullet. The sling bullet hits the orc!
You kill the orc!
The orc barely misses you. The gnoll hits you but does no damage.
You shoot a sling bullet. The sling bullet hits the orc.
The orc is heavily wounded.
The gnoll closely misses you. The orc hits you but does no damage.
You shoot a sling bullet. The sling bullet barely misses the orc.
The gnoll barely misses you. The orc hits you but does no damage.
You shoot a sling bullet. The sling bullet barely misses the orc.
The orc hits you but does no damage. The gnoll closely misses you.
You shoot a sling bullet. The sling bullet hits the orc.
The orc is severely wounded.
The orc closely misses you. The gnoll completely misses you.
You shoot a sling bullet. The sling bullet hits the orc.
You kill the orc!
The gnoll barely misses you.
You shoot a sling bullet.
The sling bullet hits the iguana but does no damage.
The gnoll barely misses you. The iguana barely misses you.
You shoot a sling bullet. The sling bullet hits the iguana.
The iguana is moderately wounded.
The gnoll hits you but does no damage. The iguana bites you.
The gnoll closely misses you.
The iguana bites you but does no damage.
You shoot a sling bullet.
The sling bullet closely misses the iguana.
The gnoll hits you but does no damage. The iguana bites you.
You shoot a sling bullet. The sling bullet hits the iguana!
The iguana is almost dead.
The gnoll hits you from afar with a +0 spear!
You die...

..... ##.....##
## #.......#
...###.......# ..
.#....../....#...
........g....#..
#...l#).....# #
#@......#
#.#)......# ..
##.........# ...
#.)........# ...
....####.....##
... .... ###....#
#.# ...
#.##.##### #.# ..
#.##.....###.#
#.##..%.......


You could see an iguana and a gnoll.

Vanquished Creatures
  An oklob plant (D:4)
  A black bear (D:5)
  An ice beast (D:5)
  A phantom (D:5)
  A bullfrog (D:4)
  A hound (D:4)
  2 jellies (D:4)
  2 orc priests
  An orc wizard (D:4)
  2 gnolls (D:5)
  10 adders
  2 worms
  11 dart slugs
  6 orcs
  6 bats
  9 endoplasms
  2 giant cockroaches (D:1)
  11 hobgoblins
  6 kobolds
  4 quokkas
  6 ball pythons
  5 frilled lizards
  5 goblins
  9 rats
105 creatures vanquished.

Notes
Turn   | Place    | Note
-------+----------+-------------------------------------------
     0 | D:1      | qw the Gargoyle Hexslinger began the quest for the Orb.
     0 | D:1      | Reached XP level 1. HP: 12/12 MP: 2/2
     0 | D:1      | 0 ||| qw: Version: 0.3-a-41-g9d075ac
     0 | D:1      | 0 ||| qw: Game counter: 693
     0 | D:1      | 0 ||| qw: Melee chars always use a shield: true
     0 | D:1      | 0 ||| qw: God list: Okawaru
     0 | D:1      | 0 ||| qw: Allow faded altars: false
     0 | D:1      | 0 ||| qw: Do Orc after clearing Dungeon:15 true
     0 | D:1      | 0 ||| qw: Do second Lair branch before Depths: true
     0 | D:1      | 0 ||| qw: Lair rune preference: random
     0 | D:1      | 0 ||| qw: Goals: Normal
     0 | D:1      | 0 ||| PLANNING D:1-11
    30 | D:1      | Found Vimeo's Assorted Antiques.
    46 | D:1      | 46 ||| SHOPLISTING pair of runed gloves (187 gold, have 0).
    46 | D:1      | 46 ||| SHOPLISTING ring mail (100 gold, have 0).
    46 | D:1      | 46 ||| SHOPLISTING ruby ring (125 gold, have 0).
    46 | D:1      | 46 ||| SHOPLISTING scroll labelled HAEKIKO BUKA (25 gold,
                  | have 0).
    46 | D:1      | 46 ||| SHOPLISTING sedimented golden potion (22 gold, have
                  | 0).
    94 | D:1      | Reached XP level 2. HP: 16/16 MP: 3/3
   126 | D:1      | Reached skill level 3 in Ranged Weapons
   354 | D:1      | Reached XP level 3. HP: 21/21 MP: 4/4
   663 | D:1      | 663 ||| UPGRADING to +0 ring mail.
   673 | D:1      | 673 ||| DROPPING +0 robe.
   674 | D:1      | 674 ||| UPGRADING to +4 ring of protection.
   675 | D:1      | 675 ||| READING scroll labelled MIPTAN KOL KEI.
   678 | D:1      | 678 ||| READING scroll labelled GOPECKOTHRI.
   679 | D:1      | 679 ||| READING scroll labelled ZIBBYNE PIGUESIGG.
   680 | D:1      | 680 ||| DRINKING 2 metallic amethyst potions.
   681 | D:1      | 681 ||| DROPPING scroll of poison.
  1087 | D:2      | Found Inlycoap's Magic Scroll Shoppe.
  1091 | D:2      | 1091 ||| BUYING scroll of identify (20 gold).
  1091 | D:2      | Bought a scroll of identify for 20 gold pieces
  1091 | D:2      | 1091 ||| BUYING scroll of teleportation (30 gold).
  1091 | D:2      | Bought a scroll of teleportation for 30 gold pieces
  1136 | D:2      | Found a stormy altar of Qazlal.
  1387 | D:2      | 1387 ||| READING 2 scrolls of identify.
  1387 | D:2      | 1387 ||| IDENTIFYING sedimented cyan potion
  1583 | D:3      | Reached skill level 4 in Ranged Weapons
  1583 | D:3      | Reached XP level 4. HP: 26/26 MP: 5/5
  1625 | D:3      | Reached skill level 1 in Armour
  1925 | D:3      | 1925 ||| UPGRADING to +0 cloak.
  1930 | D:3      | 1930 ||| READING scroll labelled VILAEN AMAIST.
  1931 | D:3      | 1931 ||| DRINKING 2 sedimented golden potions.
  1932 | D:3      | 1932 ||| READING 2 scrolls of identify.
  1932 | D:3      | 1932 ||| IDENTIFYING sedimented sapphire potion
  1933 | D:3      | 1933 ||| DROPPING potion of degeneration.
  1944 | D:4      | Reached XP level 5. HP: 30/30 MP: 6/6
  1951 | D:4      | 1951 ||| STAIRDANCE
  1977 | D:4      | Found a broken altar of Ashenzari.
  1991 | D:4      | Found a blossoming altar of Fedhas.
  2015 | D:4      | Noticed an oklob plant
  2073 | D:4      | Killed an oklob plant
  2074 | D:4      | Reached skill level 7 in Ranged Weapons
  2074 | D:4      | Reached XP level 6. HP: 35/35 MP: 7/7
  2074 | D:4      | Reached XP level 7. HP: 40/40 MP: 8/8
  2187 | D:4      | Reached skill level 3 in Fighting
  2540 | D:4      | 2540 ||| READING scroll labelled CELE TYMIAN.
  2541 | D:4      | 2541 ||| READING scroll labelled FUASSE ZEXUGI.
  2542 | D:4      | 2542 ||| READING scroll labelled FAGEAHEJU.
  2580 | D:5      | Entered Level 5 of the Dungeon
  2582 | D:5      | 2582 ||| STAIRDANCE
  2589 | D:4      | HP: 10/43 [orc/+0 short sword (3)]
  2590 | D:4      | 2590 ||| READING scroll of teleportation.
  2592 | D:4      | HP: 4/43 [orc/+0 flail (5)]
  2747 | D:5      | 2747 ||| STAIRDANCE
  2798 | D:5      | 2798 ||| STAIRDANCE
  2837 | D:5      | 2837 ||| STAIRDANCE
  2876 | D:5      | 2876 ||| Stepping ~*~*~tactically~*~*~ (water).
  2878 | D:5      | 2878 ||| Stepping ~*~*~tactically~*~*~ (water).
  2880 | D:5      | 2880 ||| Stepping ~*~*~tactically~*~*~ (water).
  2883 | D:5      | 2883 ||| Stepping ~*~*~tactically~*~*~ (water).
  2937 | D:5      | Reached skill level 8 in Ranged Weapons
  2937 | D:5      | Reached XP level 8. HP: 41/48 MP: 9/9
  3167 | D:5      | HP: 11/49 [gnoll/+0 spear (6)]
  3168 | D:5      | HP: 4/49 [gnoll/+0 spear (3)]
  3176 | D:5      | HP: 3/49 [iguana (4)]
  3177 | D:5      | HP: 1/49 [iguana (2)]
  3178 | D:5      | Mangled by a gnoll

Levels and vault maps discovered:
D:1:      scummos_arrival_forest, layout_loops_cross, serial_shops, shop
D:2:      layout_basic, serial_shops, nicolae_shop_stone, basic_altar
D:3:      layout_basic
D:4:      layout_cave_pools, lemuel_crystal_altar, tgw_fedhas, serial_park,
          serial_park_tiny_2, serial_park_square3 [serial_park_minivault_5x5_4],
          serial_park_tiny_1
D:5:      kennysheep_slugbush, layout_rooms, uniq_crazy_yiuf_cottage

Skill      XL: |  1  2  3  4  5  6  7  8 |
---------------+-------------------------+-----
Ranged Weapons | 3 4 7 8 |  8.2
Fighting       | 2 4 5 |  5.3
Armour         | 1 2 |  2.0
Dodging        | |  1.5
Spellcasting   | |  1.0
Hexes          | |  2.6

Action                     |  1- 3 |  4- 6 |  7- 9 || total
---------------------------+-------+-------+-------++-------
   Fire: Sling             |   129 |   130 |   241 ||   500
    Use: Scroll            |     4 |     2 |     4 ||    10
         Potion            |     1 |     1 |       ||     2
 Armour: Robe              |    10 |       |       ||    10
         Ring mail         |     5 |    30 |   134 ||   169
  Dodge: Dodged            |    33 |    29 |   106 ||   168

Table legend:
 A = Non-vault XP
 B = Vault XP
 C = Vault XP percentage of total XP
 D = Non-vault monster count
 E = Vault monster count
 F = Vault count percentage of total count
                 A         B        C        D         E       F
            +---------+---------+-------+---------+---------+-------
      Total |     825 |     754 |  47.8 |      92 |      13 |  12.4
            +---------+---------+-------+---------+---------+-------
        D:1 |      58 |       0 |   0.0 |      34 |       0 |   0.0
        D:2 |      19 |       0 |   0.0 |      12 |       0 |   0.0
        D:3 |      99 |       0 |   0.0 |      16 |       0 |   0.0
        D:4 |     167 |     722 |  81.2 |      17 |       5 |  22.7
        D:5 |     482 |      32 |   6.2 |      13 |       8 |  38.1
            +---------+---------+-------+---------+---------+-------
